 Dungeon Crawl Stone Soup version 0.21-a0 (webtiles) character file.

257 tyvek the Magician (level 6, -6/32 HPs)
             Began as a Gargoyle Wizard on May 19, 2017.
             Mangled by an iguana (11 damage)
             ... on level 4 of the Dungeon.
             The game lasted 00:13:26 (3907 turns).

tyvek the Magician (Gargoyle Wizard)                Turns: 3907, Time: 00:13:27

Health: -6/32      AC:  6    Str: 11    XL:     6   Next: 16%
Magic:  23/23      EV: 12    Int: 21    God:
Gold:   152        SH:  0    Dex:  9    Spells: 5/16 levels left

rFire    . . .     SeeInvis .   b - +0 spear
rCold    . . .     Gourm    .   (no shield)
rNeg     + . .     Faith    .   m - +0 robe
rPois    ∞         Spirit   .   s - +0 hat
rElec    +         Reflect  .   (no cloak)
rCorr    .         Harm     .   (no gloves)
MR       .....                  (no boots)
Stlth    ++........             (no amulet)
Regen    0.1/turn               W - ring of magical power
MPRegen  0.2/turn               I - +2 ring of intelligence

@: very slightly contaminated
A: negative energy resistance 1, electricity resistance, unbreathing,
petrification resistance, rot immunity, AC +4
a: no special abilities


You were on level 4 of the Dungeon.
You were not hungry.

You visited 1 branch of the dungeon, and saw 4 of its levels.

You collected 152 gold pieces.


Innate Abilities, Weirdness & Mutations

You are resistant to torment.
Your stone body is resilient. (AC +4)
You are immune to poison.
You resist negative energy. (rN+)
You are resistant to electric shocks. (rElec)
You can survive without breathing.
You are immune to petrification.
You are immune to rotting.


   Skills:
 - Level 1.5 Dodging
 - Level 2.1 Stealth
 * Level 5.6 Spellcasting
 + Level 3.2 Conjurations
 - Level 0.8 Summonings
 - Level 0.8 Translocations


You had 5 spell levels left.
You knew the following spells:

 Your Spells              Type           Power        Failure   Level  Hunger
c - Call Imp              Summ           #.......     11%         2    None
f - Conjure Flame         Conj/Fire      ##......     16%         3    ##.....
m - Mephitic Cloud        Conj/Pois/Air  ##......     19%         3    ##.....
z - Magic Dart            Conj           ###.         2%          1    None
I - Blink                 Tloc           N/A          11%         2    None

Inventory:

Hand Weapons
 a - a +1 hunting sling of freezing
 b - a +0 spear (weapon)
Missiles
 n - 61 stones (quivered)
 p - 28 sling bullets
 q - 12 poisoned needles
Armour
 m - a +0 robe (worn)
 s - a +0 hat (worn)
Jewellery
 I - a +2 ring of intelligence (right hand)
 W - a ring of magical power (left hand)
 X - a +2 ring of dexterity
Scrolls
 e - a scroll of amnesia {unknown}
 g - 2 scrolls of teleportation {@r4}
Potions
 f - a potion of mutation {!q}
 i - a potion of magic
 j - 2 potions of might
 r - a potion of ambrosia
Books
 c - a book of Minor Magic

   Spells                             Type                      Level
   a - Magic Dart                     Conjuration                  1
   b - Blink                          Translocation                2
   c - Call Imp                       Summoning                    2
   d - Slow                           Hexes                        2
   e - Conjure Flame                  Conjuration/Fire             3
   f - Mephitic Cloud                 Conjuration/Poison/Air       3
Comestibles
 d - 3 bread rations {@e1}
 h - 8 chunks of flesh
 k - a royal jelly {@e3}
 l - 2 fruits {@e2}

Dungeon Overview and Level Annotations

Branches:
Dungeon (4/15)
 Temple: D:4-7

Altars:
Dithmenos
Elyvilon
Nemelex Xobeh
Trog
Yredelemnul
The Shining One

Annotations:
D:4 Grinder

......... #. ..######.#
.. .......... # #.
.#.###.## #.###. ##
#..... ##..... .# #.#..#
....... .# #.##.#
#......########.# #.##..
#...§55@l.......# #.###.
#....§..........# #.# #.
#......).[......# #.####
#..............####.....
#.......................
#..............#####....
................. #....
#.5............#. #....
.............# #....


You could see Grinder, an iguana, a friendly crimson imp and a friendly shadow
imp (paralysed).


Message History

Orders for allies: a - Attack new target. r - Retreat! s - Stop attacking. g - Guard the area. f - Follow me.
Anything else - Cancel.
Gang up on whom?
Press: ? - help, Dir - move target cursor, f - Grinder
Aim: Grinder, carrying a wand of polymorph (?/24) {zapped: 3} (moderately wounded) Attack!
Grinder zaps a wand.
Your iron imp evaporates and reforms as a shadow imp!
Your crimson imp completely misses Grinder.
The iguana bites you!
* * * LOW HITPOINT WARNING * * *
Attack whom?
Press: ? - help, Dir - move target cursor, f/p - Grinder
Aim: Grinder, carrying a wand of polymorph (?/24) {zapped: 4} (moderately wounded)
You could not reach far enough!
Grinder hits your shadow imp.
Your crimson imp hits Grinder.
Your shadow imp barely misses Grinder.
The iguana bites you.
* * * LOW HITPOINT WARNING * * *
Attack whom?
Press: ? - help, Dir - move target cursor, f/p - Grinder
Aim: Grinder, carrying a wand of polymorph (?/24) {zapped: 4} (moderately wounded)
You could not reach far enough!
Grinder gestures at you.
Your shadow imp suddenly stops moving!
Your crimson imp barely misses Grinder.
The iguana closely misses you. Grinder hits your shadow imp.
It was a potion of magic.
Magic courses through your body. The iguana bites you!
You die...

Skill      XL: |  1  2  3  4  5 |
---------------+----------------+-----
Spellcasting   | 4 5 |  5.6
Conjurations   | 2 3 |  3.2
Dodging        | |  1.5
Stealth        | |  2.1
Summonings     | |  0.8
Translocations | |  0.8

Action                   |  1- 3 |  4- 6 || total
-------------------------+-------+-------++-------
Melee: Unarmed           |     3 |       ||     3
       Spear             |       |    67 ||    67
       Flail             |       |     2 ||     2
 Cast: Magic Dart        |    81 |    89 ||   170
       Call Imp          |     6 |    10 ||    16
       Mephitic Cloud    |       |     8 ||     8
  Use: Scroll            |     1 |     3 ||     4
       Potion            |       |     3 ||     3
 Stab: Confused          |       |     4 ||     4
  Eat: Chunk             |     2 |     8 ||    10
Armor: Robe              |    25 |    34 ||    59
Dodge: Dodged            |    59 |    52 ||   111

Vault maps used:
D:1:      lightli_arrival_quake, glass_columns_b, minmay_pentomino_t4
D:2:      tso_metal_star, first_bread, minmay_misc_feat_pillars, uniq_jessica
D:3:      lemuel_doored_altar, grunt_temple_overflow_cloverleaf,
          grunt_ministairs_9
D:4:      lemuel_crystal_altar, minmay_temple_entry_nine_rooms,
          uniq_blork_the_orc, uniq_grinder, uniq_robin, uniq_duvessa

Notes
Turn   | Place    | Note
-------+----------+-------------------------------------------
     0 | D:1      | tyvek the Gargoyle Wizard began the quest for the Orb.
     0 | D:1      | Reached XP level 1. HP: 10/10 MP: 4/4
   202 | D:1      | Reached XP level 2. HP: 15/15 MP: 4/6
   311 | D:1      | Learned a level 2 spell: Call Imp
   314 | D:1      | Learned a level 2 spell: Blink
   714 | D:1      | Reached XP level 3. HP: 19/19 MP: 5/8
   855 | D:1      | Learned a level 3 spell: Mephitic Cloud
  1519 | D:2      | Reached skill level 4 in Spellcasting
  1520 | D:2      | Noticed Jessica
  1524 | D:2      | Killed Jessica
  1524 | D:2      | Reached skill level 2 in Conjurations
  1561 | D:2      | Found a glowing golden altar of the Shining One.
  1589 | D:2      | Reached XP level 4. HP: 24/24 MP: 10/10
  2753 | D:3      | Reached XP level 5. HP: 28/28 MP: 12/12
  2759 | D:3      | Learned a level 3 spell: Conjure Flame
  2783 | D:3      | Reached skill level 5 in Spellcasting
  3005 | D:3      | Found a sparkling altar of Nemelex Xobeh.
  3032 | D:3      | Found a basalt altar of Yredelemnul.
  3035 | D:3      | Found a white marble altar of Elyvilon.
  3041 | D:3      | Found a shadowy altar of Dithmenos.
  3044 | D:3      | Found a bloodstained altar of Trog.
  3665 | D:4      | Reached skill level 3 in Conjurations
  3674 | D:3      | HP: 2/28 [orc/hand axe (3)]
  3744 | D:4      | Reached XP level 6. HP: 29/32 MP: 14/14
  3892 | D:4      | Noticed Grinder
  3907 | D:4      | Mangled by an iguana

Vanquished Creatures
  An orc wizard (D:4)
  6 gnolls (D:3)
  2 adders (D:2)
  A worm (D:1)
  4 dart slugs
  A leopard gecko (D:1)
  14 orcs
  6 bats
  10 goblins
  9 hobgoblins
  5 jackals (D:1)
  A quokka (D:3)
  A ball python (D:1)
  3 frilled lizards
  2 kobolds
  8 rats
74 creatures vanquished.

Vanquished Creatures (collateral kills)
  An orc priest (D:4)
  Jessica (D:2)
  An orc wizard (D:3)
  An adder (D:2)
  A gnoll (D:3)
  5 orcs
  A giant cockroach (D:2)
  A goblin (D:1)
  A hobgoblin (D:1)
  5 jackals (D:1)
18 creatures vanquished.

Grand Total: 92 creatures vanquished
